 Dungeon Crawl Stone Soup version 0.22-a0-196-gee22f27 (webtiles) character file.

576 mortelune the Chiller (level 7, -5/46 HPs)
             Began as a Demonspawn Ice Elementalist on Feb 17, 2018.
             Slain by a two-headed ogre
             ... wielding a +0 giant club
              (17 damage)
             ... on level 5 of the Dungeon.
             The game lasted 00:18:28 (9783 turns).

mortelune the Chiller (Demonspawn Ice Elementalist) Turns: 9783, Time: 00:18:29

Health: -5/46      AC:  9    Str:  8    XL:     7   Next: 13%
Magic:  0/13       EV: 12    Int: 19    God:
Gold:   375        SH:  0    Dex: 16    Spells: 4/14 levels left

rFire    . . .     SeeInvis .   A - +1 war axe (flame)
rCold    . . .     Gourm    .   (no shield)
rNeg     . . .     Faith    .   p - +0 robe (curse)
rPois    .         Spirit   +   (no helmet)
rElec    .         Reflect  .   (no cloak)
rCorr    .         Harm     .   (no gloves)
MR       .....                  k - +0 pair of boots
Stlth    ++........             (no amulet)
HPRegen  0.15/turn              y - +3 ring of dexterity
MPRegen  0.13/turn              (no ring)

@: icy armour, slow
A: talons 1, magic shield
a: no special abilities


You were on level 5 of the Dungeon.
You were not hungry.

You visited 1 branch of the dungeon, and saw 5 of its levels.

You collected 375 gold pieces.

Inventory:

Hand Weapons
 h - a +0 short sword
 r - a +0 short sword
 v - a +0 long sword
 A - a +1 war axe of flaming (weapon)
Armour
 a - a +0 robe
 k - a +0 pair of boots (worn)
 p - a cursed +0 robe (worn)
 q - a +0 buckler
 C - a cursed +0 troll leather armour
Jewellery
 y - a +3 ring of dexterity (left hand)
 F - a cursed amulet of inaccuracy {unknown}
Scrolls
 f - a scroll of fog {unknown}
 g - 2 scrolls of enchant armour {unknown}
 i - 9 scrolls of remove curse
 j - 3 scrolls of magic mapping
 l - a scroll of blinking {unknown}
 o - a scroll of fear {unknown}
 s - a scroll of amnesia
 t - a scroll of noise {unknown}
 E - 2 scrolls of teleportation
Potions
 d - 3 potions of might
 m - a potion of haste
 n - a potion of curing
 u - a potion of cancellation
 w - a potion of lignification {unknown}
 z - a potion of berserk rage {unknown}
 D - a potion of flight {unknown}
Books
 b - a book of Frost

   Spells                             Type                      Level
   a - Freeze                         Ice                          1
   b - Throw Frost                    Conjuration/Ice              2
   c - Ozocubu's Armour               Charms/Ice                   3
   d - Throw Icicle                   Conjuration/Ice              4
   e - Summon Ice Beast               Ice/Summoning                4
 x - a book of Cantrips

   Spells                             Type                      Level
   a - Confusing Touch                Hexes                        1
   b - Animate Skeleton               Necromancy                   1
   c - Summon Small Mammal            Summoning                    1
   d - Apportation                    Translocation                1
Comestibles
 c - 8 rations
 B - a chunk of flesh


   Skills:
 - Level 1.7 Dodging
 - Level 1.7 Stealth
 + Level 4.2 Spellcasting
 + Level 3.4 Conjurations
 * Level 5.6 Ice Magic


You had 4 spell levels left.
You knew the following spells:

 Your Spells              Type           Power        Failure   Level  Hunger
a - Freeze                Ice            ####         1%          1    None
b - Throw Frost           Conj/Ice       ###...       3%          2    #......
c - Ozocubu's Armour      Chrm/Ice       ##......     13%         3    ###....
d - Summon Ice Beast      Ice/Summ       ##......     38%         4    ####...


Dungeon Overview and Level Annotations

Branches:
Dungeon (5/15)
 Temple: D:4-7

Altars:
Cheibriados
Gozag
Qazlal
Ru
Uskayaw
The Shining One

Annotations:
D:3 Grinder


Innate Abilities, Weirdness & Mutations

You have sharp toenails.
When hurt, damage is shared between your health and your magic reserves.


Message History

Casting: Freeze (safe; 1% risk of failure)
Confirm with . or Enter, or press ? or * to list all spells.
Aiming: Freeze (safe; 1% risk of failure)
Press: ? - help, Shift-Dir - straight line, f/p - two-headed ogre
Aim: a two-headed ogre, wielding two giant clubs (severely wounded)
You freeze the two-headed ogre.
The two-headed ogre is severely wounded.
Your ice beast hits the two-headed ogre.
Your ice beast freezes the two-headed ogre.
The two-headed ogre hits you with a giant club!
* * * LOW HITPOINT WARNING * * *
The two-headed ogre completely misses you.
Your ice beast hits the two-headed ogre but does no damage.
You feel much better.
You barely miss the two-headed ogre.
The two-headed ogre is almost dead.
The two-headed ogre hits you with a giant club!
* * * LOW HITPOINT WARNING * * *
The two-headed ogre hits you with a giant club!
You die...

.# ... ... .# #.# ###.###
.# #.# ..... .#
###.########.####
.####...............##
......#.#..#####.....#
#.####.###.#####.###.###$#
....#.## ##......# #.....#
#.#.##.## #####@###.#####
........# #..OY..#
#.#..##O.# #......##
....<# ..# ##$##.## #.##.#
..# #. ### #.##(# ..# #.
#. #.> ... .. ... ..## ##
.##


You could see a two-headed ogre and a friendly ice beast.

Vanquished Creatures
  3 jellies (D:2)
  An orc wizard (D:4)
  An orc priest (D:4)
  2 hounds (D:4)
  An iguana (D:4)
  4 worker ants
  6 adders
  12 oozes
  An adder skeleton (D:4)
  4 worms
  4 dart slugs
  5 leopard geckos
  5 orcs
  10 bats
  2 giant cockroaches
  9 hobgoblins
  9 jackals
  18 kobolds
  3 quokkas
  2 ball pythons
  4 frilled lizards
  7 goblins
  11 rats
124 creatures vanquished.

Vanquished Creatures (others)
  6 fungi (D:2)
  8 toadstools (D:2)
14 creatures vanquished.

Grand Total: 138 creatures vanquished

Notes
Turn   | Place    | Note
-------+----------+-------------------------------------------
     0 | D:1      | mortelune the Demonspawn Ice Elementalist began the quest for the Orb.
     0 | D:1      | Reached XP level 1. HP: 13/13 MP: 3/3
     0 | D:1      | Found an opulent altar of Gozag.
   347 | D:1      | Reached skill level 3 in Ice Magic
   373 | D:1      | Gained mutation: You have sharp toenails. [demonic ancestry]
   373 | D:1      | Reached XP level 2. HP: 13/19 MP: 1/5
   517 | D:1      | Learned a level 2 spell: Throw Frost
  1517 | D:1      | Reached XP level 3. HP: 24/24 MP: 5/7
  2290 | D:1      | Learned a level 3 spell: Ozocubu's Armour
  3388 | D:2      | Reached XP level 4. HP: 28/30 MP: 1/8
  4307 | D:2      | Found a stormy altar of Qazlal.
  4568 | D:2      | Reached skill level 4 in Ice Magic
  4574 | D:2      | Reached XP level 5. HP: 35/35 MP: 0/9
  5302 | D:2      | HP: 1/35 [acid (6)]
  5732 | D:3      | Reached XP level 6. HP: 31/41 MP: 4/11
  6123 | D:3      | Learned a level 4 spell: Summon Ice Beast
  6254 | D:3      | Found a hide-covered altar of Uskayaw.
  6642 | D:3      | Found an opulent altar of Gozag.
  6777 | D:3      | Noticed Grinder
  6781 | D:3      | Paralysed by Grinder for 4 turns
  7105 | D:3      | Found a glowing golden altar of the Shining One.
  8016 | D:4      | Reached skill level 5 in Ice Magic
  8097 | D:4      | Found a snail-covered altar of Cheibriados.
  9028 | D:4      | Gained mutation: When hurt, damage is shared between your health and your magic reserves. [demonic ancestry]
  9028 | D:4      | Reached XP level 7. HP: 46/46 MP: 7/13
  9367 | D:4      | Found a sacrificial altar of Ru.
  9548 | D:5      | Entered Level 5 of the Dungeon
  9755 | D:5      | Noticed a two-headed ogre
  9766 | D:5      | Found a sacrificial altar of Ru.
  9783 | D:5      | Slain by a two-headed ogre

Vault maps used:
D:1:      sevenhm_arrival_forest_fort_small_6
D:2:      cheibrodos_fertilizer, nicolae_qazlal_eye_of_the_storm, first_ration
D:3:      tso_oasis_becter, lemuel_round_altar, nicolae_gozag_seed_capital,
          uniq_grinder
D:4:      kennysheep_six_static_rooms, lemuel_round_altar, lemuel_doored_altar
D:5:      nicolae_ru_sacrificial_ziggurat

Skill      XL: |  1  2  3  4  5  6 |
---------------+-------------------+-----
Ice Magic      | 3 4 5 |  5.6
Spellcasting   | 3 4 |  4.2
Conjurations   | 2 3 |  3.4
Dodging        | |  1.7
Stealth        | |  1.7

Action                   |  1- 3 |  4- 6 |  7- 9 || total
-------------------------+-------+-------+-------++-------
Melee: Unarmed           |    12 |       |       ||    12
       Kick              |     3 |       |       ||     3
       Short sword       |    13 |    11 |       ||    24
       Long sword        |       |    15 |       ||    15
       War axe           |       |     2 |     1 ||     3
 Cast: Freeze            |    59 |   100 |     7 ||   166
       Throw Frost       |    22 |    62 |    10 ||    94
       Ozocubu's Armour  |       |     2 |     1 ||     3
       Summon Ice Beast  |       |       |     1 ||     1
  Use: Scroll            |     4 |     5 |     1 ||    10
       Potion            |       |       |     1 ||     1
  Eat: Chunk             |     7 |    15 |     3 ||    25
       Ration            |       |     2 |       ||     2
Armor: Robe              |    21 |    29 |     1 ||    51
Dodge: Dodged            |    54 |    86 |     2 ||   142
       Rpst.: Long sword |       |     3 |       ||     3

Table legend:
 A = Spawn XP
 B = Non-spawn XP
 C = Spawn XP percentage of total XP
 D = Spawn monster count
 E = Non-spawn monster count
 F = Spawn count percentage of total count
 G = Total turns spent on level
                    A         B        C        D         E        F      G
               +---------+---------+-------+---------+---------+-------+---------
         Total |       0 |     824 |   0.0 |       0 |     124 |   0.0 |  9783
               +---------+---------+-------+---------+---------+-------+---------
           D:1 |       0 |      71 |   0.0 |       0 |      32 |   0.0 |  2702
           D:2 |       0 |     280 |   0.0 |       0 |      50 |   0.0 |  2965
           D:3 |       0 |      98 |   0.0 |       0 |      20 |   0.0 |  2022
           D:4 |       0 |     371 |   0.0 |       0 |      20 |   0.0 |  1859
           D:5 |       0 |       4 |   0.0 |       0 |       2 |   0.0 |   235
               +---------+---------+-------+---------+---------+-------+---------
